 Dungeon Crawl Stone Soup version 0.28-a0-537-g3bccd9ccbf (webtiles) character file.

Game seed: 9065230338464749525

193 Spaninq the Magician (level 5, 0/37 HPs)
             Began as a Gnoll Hedge Wizard on Sept 27, 2021.
             Slain by an orc warrior (12 damage)
             ... on level 3 of the Dungeon.
             The game lasted 00:10:30 (3348 turns).

Spaninq the Magician (Gnoll Hedge Wizard)           Turns: 3348, Time: 00:10:31

Health: 0/37       AC:  4    Str: 10    XL:     5   Next: 72%
Magic:  4/14       EV: 13    Int: 14    God:
Gold:   112        SH:  0    Dex: 11    Spells: 12/18 levels left

rFire   . . .      SeeInvis .   a - +0 dagger
rCold   . . .      Faith    .   (no shield)
rNeg    . . .      Spirit   .   b - +0 robe
rPois   .          Reflect  .   c - +0 hat
rElec   .          Harm     .   (no cloak)
rCorr   .          Rampage  .   f - +0 pair of gloves
Will    .....                   e - +0 pair of boots
Stlth   ++........              (no amulet)
HPRegen 0.12/turn               (no ring)
MPRegen 0.14/turn               (no ring)

@: no status effects
A: fangs 1, strong nose, distributed training
a: no special abilities


You were on level 3 of the Dungeon.
You visited 1 branch of the dungeon, and saw 4 of its levels.

You collected 112 gold pieces.

Inventory:

Hand Weapons
 a - a +0 dagger (weapon)
Armour
 b - a +0 robe (worn)
 c - a +0 hat (worn)
 e - a +0 pair of boots (worn)
 f - a +0 pair of gloves (worn)
Wands
 k - a wand of acid (6)
Scrolls
 g - a scroll of amnesia {unknown}
 h - 3 scrolls of identify {unknown}
 i - a scroll of enchant weapon {unknown}
 l - a scroll of fear {unknown}
 m - 2 scrolls of teleportation {unknown}
 o - a scroll of noise {unknown}
Potions
 d - 2 potions of curing {unknown}
 j - a potion of heal wounds {unknown}
 n - a potion of flight {unknown}


   Skills:
 + Level 1.6 Fighting
 + Level 1.6 Short Blades
 + Level 1.6 Long Blades
 + Level 1.6 Axes
 + Level 1.6 Maces & Flails
 + Level 1.6 Polearms
 + Level 1.6 Staves
 + Level 1.6 Slings
 + Level 1.6 Bows
 + Level 1.6 Crossbows
 + Level 1.6 Throwing
 + Level 1.6 Armour
 + Level 4.8 Dodging
 + Level 4.4 Stealth
 + Level 1.6 Shields
 + Level 1.6 Unarmed Combat
 + Level 7.3 Spellcasting
 + Level 2.4 Conjurations
 + Level 1.2 Hexes
 + Level 2.4 Summonings
 + Level 1.2 Necromancy
 + Level 2.4 Translocations
 + Level 1.2 Transmutations
 + Level 1.2 Fire Magic
 + Level 1.2 Ice Magic
 + Level 1.2 Air Magic
 + Level 1.2 Earth Magic
 + Level 1.2 Poison Magic
 + Level 1.8 Invocations
 + Level 1.6 Evocations


You had 12 spell levels left.
You knew the following spells:

 Your Spells              Type           Power      Damage    Failure   Level
a - Magic Dart            Conj           48%        1d5       4%          1
b - Blink                 Tloc           N/A        N/A       8%          2
c - Apportation           Tloc           24%        N/A       4%          1
d - Slow                  Hex            8%         N/A       12%         2

Your spell library contained the following spells:

 Spells                   Type           Power      Damage    Failure   Level
 Summon Small Mammal      Summ           48%        N/A       4%          1
 Call Imp                 Summ           12%        N/A       8%          2
 Animate Skeleton         Necr           16%        N/A       9%          1
 Conjure Flame            Conj/Fire      10%        6-21      19%         3
 Mephitic Cloud           Conj/Pois/Air  9%         N/A       21%         3
 Iskenderun's Mystic Bla  Conj/Tloc      12%        2d5       45%         4
 Fulminant Prism          Conj/Hex       5%         3d7       54%         4
 Lee's Rapid Deconstruct  Erth           4%         3d6*      92%         5


Dungeon Overview and Level Annotations

Branches:
Dungeon (4/15)
 Temple: D:4-7

Altars:
Cheibriados
Nemelex Xobeh
Vehumet

Annotations:
D:2 Natasha, Terence


Innate Abilities, Weirdness & Mutations

You have very sharp teeth.
Your uncanny sense of smell can sniff out nearby items.
Your experience applies equally to all skills.


Message History

The orc wizard shouts!
The orc wizard casts a spell at you. The puff of flame misses you.
The orc warrior hits you with a +0 mace.
You see here 11 sling bullets.
Casting: Magic Dart (safe; 4% risk of failure)
Confirm with . or Enter, or press ? or * to list all spells.
Aiming: Slow (safe; 12% risk of failure)
Press: ? - help, Shift-Dir - straight line, f - orc warrior
Aim: an orc warrior, wielding a +0 mace and wearing a +0 plate armour (chance to affect: 43%)
The orc warrior resists with some effort.
Casting: Slow (safe; 12% risk of failure)
Confirm with . or Enter, or press ? or * to list all spells.
Aiming: Slow (safe; 12% risk of failure)
Press: ? - help, Shift-Dir - straight line, f/p - orc warrior
Aim: an orc warrior, wielding a +0 mace and wearing a +0 plate armour (chance to affect: 43%)
The orc warrior resists with some effort.
The orc warrior hits you with a +0 mace!
Casting: Slow (safe; 12% risk of failure)
Confirm with . or Enter, or press ? or * to list all spells.
Aiming: Slow (safe; 12% risk of failure)
Press: ? - help, Shift-Dir - straight line, f/p - orc warrior
Aim: an orc warrior, wielding a +0 mace and wearing a +0 plate armour (chance to affect: 43%)
The orc warrior resists with some effort.
The orc warrior barely misses you.
Casting: Slow (safe; 12% risk of failure)
Confirm with . or Enter, or press ? or * to list all spells.
Aiming: Slow (safe; 12% risk of failure)
Press: ? - help, Shift-Dir - straight line, f/p - orc warrior
Aim: an orc warrior, wielding a +0 mace and wearing a +0 plate armour (chance to affect: 43%)
The orc warrior resists with some effort.
The orc warrior hits you with a +0 mace!!
Casting: Slow (safe; 12% risk of failure)
Confirm with . or Enter, or press ? or * to list all spells.
Aiming: Slow (safe; 12% risk of failure)
Press: ? - help, Shift-Dir - straight line, f/p - orc warrior
Aim: an orc warrior, wielding a +0 mace and wearing a +0 plate armour (chance to affect: 43%)
The orc warrior seems to slow down.
The orc warrior hits you with a +0 mace!
You die...

(...#####.....#####...#
##### #...#..o.o.o....#
##.###..#######..#
##..##>.##.(..o#..#
###.......#.#####...#
............#.#_.+##..#
#####.####).#.#<.#.#..#
#. #..#.####.#..# ..
#..##.o@.##..# #.#
#...######...# #.
#......o...(.#
##..........##
############


You could see an orc warrior (slow).

Vanquished Creatures
  A black bear (D:4)
  3 adders
  3 worms
  A dart slug (D:1)
  4 orcs (D:3)
  5 ball pythons
  7 endoplasms
  4 giant cockroaches (D:1)
  4 hobgoblins
  A jackal (D:4)
  4 quokkas
  3 bats
  4 frilled lizards (D:1)
  3 goblins
  8 kobolds
  3 rats
58 creatures vanquished.

Vanquished Creatures (others)
  A plant (D:4)
1 creature vanquished.

Grand Total: 59 creatures vanquished

Notes
Turn   | Place    | Note
-------+----------+-------------------------------------------
     0 | D:1      | Spaninq the Gnoll Hedge Wizard began the quest for the Orb.
     0 | D:1      | Reached XP level 1. HP: 13/13 MP: 8/8
   128 | D:1      | Reached XP level 2. HP: 17/19 MP: 5/10
   170 | D:1      | Learned a level 2 spell: Blink
   643 | D:1      | Learned a level 1 spell: Apportation
   687 | D:1      | Reached XP level 3. HP: 25/25 MP: 7/11
  1234 | D:2      | Noticed Terence
  1239 | D:1      | Reached skill level 1 in Invocations
  1491 | D:2      | Noticed Natasha
  1638 | D:2      | Reached skill level 1 in Fighting
  1638 | D:2      | Reached skill level 1 in Short Blades
  1638 | D:2      | Reached skill level 1 in Long Blades
  1638 | D:2      | Reached skill level 1 in Axes
  1638 | D:2      | Reached skill level 1 in Maces & Flails
  1638 | D:2      | Reached skill level 1 in Polearms
  1638 | D:2      | Reached skill level 1 in Staves
  1638 | D:2      | Reached skill level 1 in Slings
  1638 | D:2      | Reached skill level 1 in Bows
  1638 | D:2      | Reached skill level 1 in Crossbows
  1638 | D:2      | Reached skill level 1 in Throwing
  1638 | D:2      | Reached skill level 1 in Armour
  1638 | D:2      | Reached skill level 1 in Shields
  1638 | D:2      | Reached skill level 1 in Unarmed Combat
  1638 | D:2      | Reached skill level 1 in Evocations
  1677 | D:2      | Reached XP level 4. HP: 32/32 MP: 10/13
  1727 | D:2      | Found a sparkling altar of Nemelex Xobeh.
  2360 | D:3      | Noticed an orc warrior
  2378 | D:4      | Noticed a black bear
  2378 | D:4      | Found a radiant altar of Vehumet.
  2385 | D:4      | Killed a black bear
  2386 | D:4      | Reached skill level 1 in Hexes
  2386 | D:4      | Reached skill level 1 in Necromancy
  2386 | D:4      | Reached skill level 1 in Transmutations
  2386 | D:4      | Reached skill level 1 in Fire Magic
  2386 | D:4      | Reached skill level 1 in Ice Magic
  2386 | D:4      | Reached skill level 1 in Air Magic
  2386 | D:4      | Reached skill level 1 in Earth Magic
  2386 | D:4      | Reached skill level 1 in Poison Magic
  2386 | D:4      | Reached XP level 5. HP: 19/37 MP: 7/14
  3035 | D:3      | Found a snail-covered altar of Cheibriados.
  3286 | D:3      | Learned a level 2 spell: Slow
  3348 | D:3      | Slain by an orc warrior

Illustrated notes

Levels and vault maps discovered:
D:1:      wander_arrival_chamber, layout_basic, minmay_misc_feat_doors,
          chequers_serial_rivers_micro_a, minmay_heptomino_h4
D:2:      minmay_general_purpose_star, layout_basic, serial_shops, shop,
          basic_altar, minmay_misc_feat_pillars, uniq_natasha, uniq_terence
D:3:      layout_rooms, chei_slow_surprise, ebering_ecumenical_altar_box,
          hangedman_decor_peaks_small
D:4:      cheibrodos_old_hovel, layout_rooms, amcnicky_altar_gilded,
          minmay_temple_entry_arrows, kennysheep_generic_room_2, uniq_eustachio

Skill      XL: |  1  2  3  4 |
---------------+-------------+-----
Conjurations   | 2 |  2.4
Summonings     | 2 |  2.4
Translocations | 2 |  2.4
Invocations    | 1 |  1.8
Fighting       | 1 |  1.6
Short Blades   | 1 |  1.6
Long Blades    | 1 |  1.6
Axes           | 1 |  1.6
Maces & Flails | 1 |  1.6
Polearms       | 1 |  1.6
Staves         | 1 |  1.6
Slings         | 1 |  1.6
Bows           | 1 |  1.6
Crossbows      | 1 |  1.6
Throwing       | 1 |  1.6
Armour         | 1 |  1.6
Shields        | 1 |  1.6
Unarmed Combat | 1 |  1.6
Evocations     | 1 |  1.6
Hexes          | 1 |  1.2
Necromancy     | 1 |  1.2
Transmutations | 1 |  1.2
Fire Magic     | 1 |  1.2
Ice Magic      | 1 |  1.2
Air Magic      | 1 |  1.2
Earth Magic    | 1 |  1.2
Poison Magic   | 1 |  1.2
Dodging        | |  4.8
Stealth        | |  4.4
Spellcasting   | |  7.3

Action                   |  1- 3 |  4- 6 || total
-------------------------+-------+-------++-------
Melee: Dagger            |     8 |    21 ||    29
       Punch             |       |     1 ||     1
 Cast: Magic Dart        |    90 |    92 ||   182
       Blink             |       |     1 ||     1
       Slow              |       |     7 ||     7
 Stab: Sleeping          |       |     2 ||     2
Armor: Robe              |     5 |    12 ||    17
Dodge: Dodged            |    11 |    42 ||    53

Table legend: (Time is in decaauts)
 A = Elapsed time spent in this place.
 B = Non-inter-level travel time spent in this place.
 C = Inter-level travel time spent in this place.
 D = Time resting spent in this place.
 E = Time spent auto-exploring this place.
 F = Levels seen in this place.
 G = Mean time per level.
                   A        B        C        D        E       F      G
               +--------+--------+--------+--------+--------+-----+--------+
         Total |   3348 |   3340 |      8 |    965 |   1522 |   4 |  837.0 |
       Dungeon |   3348 |   3340 |      8 |    965 |   1522 |   4 |  837.0 |
               +--------+--------+--------+--------+--------+-----+--------+

Top non-repeatable levels by time:
     D:1: 1440 daAuts
     D:2: 824 daAuts
     D:3: 706 daAuts
     D:4: 378 daAuts
